Map: Abyssal Reef LE

Players

Bung

  • Race: Terran Terran
  • Spawn Location: 11:00

Yata - Winner!

  • Race: Zerg Zerg
  • Spawn Location: 5:00

VOD

Have the link to the VOD?

Description

Time

  • Played on: July 6, 2017, 10:28 p.m.
  • Length: 12:27
Show
View Real Time Build Order
Export as new Build Order

Bung Terran 

Build Orders:  

Get SALT Encoding   

  12  0:09  Refinery  
  12  0:16  Refinery  
  12  0:18  SCV  
  13  0:36  SCV  
  14  0:46  Supply Depot  
  14  0:48  SCV  
  15  1:07  SCV  
  15  1:10  Supply Depot  
  16  1:12  Supply Depot  
  16  1:17  Supply Depot  
  16  1:24  SCV  
  17  1:36  SCV  
  18  1:51  SCV  
  18  1:52  Barracks  
  19  2:04  SCV  
  20  2:47  Marine  
  21  3:05  Marine  
  22  3:23  Marine  
  23  3:37  SCV  
  23  3:41  Marine  
  25  3:49  SCV  
  25  3:52  Factory  
  26  3:59  Marine  
  26  4:01  SCV  
  28  4:16  Marine  
  29  4:34  Marine  
  30  4:52  Marine  
  31  4:57  Hellion  
  33  5:10  Reaper  
  33  5:13  Starport  
  34  5:15  SCV  
  34  5:19  Hellion  
  37  5:40  Hellion  
  37  5:41  Supply Depot  
  37  5:42  Reaper  
  40  6:01  Hellion  
  40  6:14  Marine  
  40  6:16  Medivac  
  43  6:23  Hellion  
  44  6:32  Marine  
  45  6:46  Medivac  
  47  6:50  Marine  
  47  7:09  Marine  
  48  7:16  Medivac  
  50  7:23  SCV  
  50  7:27  Reaper  
  50  7:28  Barracks  
  52  7:35  SCV  
  53  7:45  Medivac  
  53  7:47  SCV  
  46  7:59  SCV, Marine  
  43  8:11  SCV  
  44  8:15  Medivac  
  44  8:17  Reaper  
  44  8:19  Cyclone  
  50  8:40  Marine  
  51  8:42  Command Center  
  51  8:49  Marine  
  51  8:51  Cyclone  
  55  9:06  Supply Depot  
  55  9:08  Supply Depot  
  55  9:12  Supply Depot  
  55  9:15  Supply Depot  
  55  9:23  Supply Depot  
  55  9:27  Marine  
  55  9:28  Reaper, Cyclone  
  60  9:45  Marine  
  53  9:59  Marine  
  47  10:00  Cyclone  
  47  10:03  Marine  
  45  10:16  Liberator  
  45  10:18  Reaper  
  38  10:23  Marine  
  38  10:41  Reaper  
  32  10:44  SCV  
  32  10:49  Marine  
  33  10:57  SCV  
  29  11:09  SCV  
  29  11:13  Marine  
  32  11:21  SCV  
  31  11:33  SCV  
Show
View Real Time Build Order
Export as new Build Order

Yata Zerg - Winner!

Build Orders: Hatch First 

Get SALT Encoding   

  12  0:01  Drone  
  13  0:11  Drone  
  14  0:18  Overlord  
  14  0:36  Drone  
  14  0:37  Drone  
  14  0:38  Drone  
  17  0:55  Hatchery  
  16  1:02  Drone x2  
  18  1:06  Extractor  
  17  1:18  Spawning Pool  
  16  1:31  Drone x3  
  19  1:42  Overlord  
  19  2:05  Queen  
  19  2:07  Zergling x2  
  19  2:08  Zergling x2  
  23  2:11  Metabolic Boost  
  23  2:38  Drone x6  
  29  2:44  Queen  
  29  2:45  Queen  
  33  2:53  Drone  
  33  2:54  Drone  
  35  3:00  Overlord  
  35  3:39  Drone x7  
  42  3:45  Lair  
  42  3:46  Roach Warren  
  41  4:02  Hatchery  
  40  4:08  Drone x2  
  40  4:09  Drone x2  
  43  4:56  Overlord x2  
  43  4:57  Overlord x2  
  43  5:13  Queen  
  45  5:21  Roach  
  45  5:22  Roach x8  
  63  5:34  Evolution Chamber  
  62  5:38  Evolution Chamber  
  62  5:41  Queen  
  62  5:42  Infestation Pit  
  62  5:44  Queen  
  62  5:49  Queen  
  66  5:51  Overseer  
  66  6:17  Pneumatized Carapace, Extractor  
  65  6:24  Queen  
  67  6:56  Nydus Network  
  66  7:28  Hive  
  66  8:18  Roach x2  
  66  8:19  Roach x5  
  80  8:23  Overlord x5  
  80  8:46  Ultralisk Cavern  
  79  9:03  Roach  
  79  9:04  Roach x7  
  95  9:21  Nydus Canal  
  95  9:28  Roach  
  97  10:07  Nydus Canal  
  97  10:21  Extractor  
  96  10:54  Extractor  
  95  10:58  Drone x3  
  95  10:59  Drone x8  
  106  11:35  Ultralisk  
  106  11:36  Ultralisk  
  106  11:39  Overlord x3  
  118  11:56  Drone  
  118  11:57  Drone x3  
Tags
 
Matchup
TvZ
Replay Pack
Pack 1
Spawn Locations
Cross Positions
Add a new tag
Caveats
  • Supply blocks, unpowered buildings, or Contaminate may cause inaccurate times.
  • Supply counts are checked every 10 seconds.